 Dungeon Sprint DCSS version 0.19.0-2-gae57169 (webtiles) character file.

43 poirepourri the Covered (level 3, -1/25 HPs)
             Began as a Gargoyle Fighter on Nov 3, 2016.
             Slain by a water elemental (14 damage)
             ... in the Dungeon (Sprint III: "The Ten Rune Challenge").
             The game lasted 00:00:57 (275 turns).

poirepourri the Covered (Gargoyle Fighter)           Turns: 275, Time: 00:00:58

Health: -1/25      AC: 10    Str: 19    XL:     3   Next: 58%
Magic:  3/3        EV:  7    Int:  8    God:
Gold:   18         SH:  9    Dex: 10    Spells: 0 memorised, 2 levels left

rFire  . . .     SeeInvis .     a - +1 flail
rCold  . . .     Gourm    .     b - +0 scale mail
rNeg   + . .     Faith    .     c - +0 shield
rPois  ∞         Spirit   .     (no helmet)
rElec  +         Reflect  .     (no cloak)
rCorr  .         Harm     .     (no gloves)
MR     .....     NoTele   +     (no boots)
Stlth  ..........               (no amulet)
                                (no ring)
                                (no ring)

@: no status effects
A: negative energy resistance 1, electricity resistance, unbreathing,
petrification resistance, rot immunity, AC +3
a: no special abilities


You were in the Dungeon.
You were not hungry.

You visited 1 branch You collected 18 gold pieces.

Inventory:

Hand Weapons
 a - a +1 flail (weapon)
Armour
 b - a +0 scale mail (worn)
 c - a +0 shield (worn)
Scrolls
 h - 2 scrolls of remove curse
Potions
 d - 2 potions of mutation
 i - 2 potions of magic
 k - 2 potions of cure mutation
 l - 3 potions of flight
Comestibles
 f - a bread ration
 j - a meat ration
 n - 4 fruits


   Skills:
 + Level 4.9 Fighting
 + Level 3.2 Maces & Flails
 + Level 5.2 Armour
 + Level 0.7 Dodging
 + Level 5.0 Shields


You had 2 spell levels left.
You didn't know any spells.

Dungeon Overview and Level Annotations

Branches:
Dungeon (1/1)

Altars:


Innate Abilities, Weirdness & Mutations

You are resistant to torment.
Your stone body is resilient. (AC +3)
You are immune to poison.
You resist negative energy. (rN+)
You are resistant to electric shocks. (rElec)
You can survive without breathing.
You are immune to petrification.
You are immune to rotting.


Message History

As you read the scroll of identify, it crumbles to dust.
m - a scroll of torment You start resting.
Your magical contamination has completely faded away.
You start resting.
There is an open door here.
Drop what? 12/52 slots (_ for help) (? for menu, Esc to quit)
You drop a scroll of torment.
You start resting.
HP restored.
You open the door.
A water elemental comes into view.
You hit the water elemental.
The water elemental is lightly damaged.
The water elemental hits you!
You hit the water elemental.
The water elemental is moderately damaged.
The water elemental hits you!
Ouch! That really hurt!
You die...

▓▓▓▓▓▓▓▓ ▓▓▓ <..#)..####
##.# ...#......#####..#
..##....†..#..#..#
##.##.##...#..#..# #+#+#
##.##.###..##'#..#......
#.####.##†.###..@E.⌠....
.###..##..####...#...###
#.....##..###....# ⌠.#
###..##...##.....# .#
##..##....#......# #
#..###..##.#.....# #..#
#.. ####..?.# ▓▓▓▓ ▓▓▓
▓▓▓▓▓▓


You could see a water elemental.

Vanquished Creatures
  A human (D)
  A wolf (D)
  2 oozes (D)
  2 rats (D)
6 creatures vanquished.

Vanquished Creatures (others)
  2 draconian scorchers (D)
  6 hellions (D)
  A yaktaur (D)
9 creatures vanquished.

Grand Total: 15 creatures vanquished

Notes
Turn   | Place    | Note
-------+----------+-------------------------------------------
     0 | D        | poirepourri the Gargoyle Fighter began the quest for the Orb.
     0 | D        | Reached XP level 1. HP: 14/14 MP: 1/1
    16 | D        | Reached XP level 2. HP: 16/20 MP: 2/2
   101 | D        | Reached XP level 3. HP: 24/24 MP: 3/3
   104 | D        | Killed a hellion
   105 | D        | Killed a hellion
   107 | D        | Killed a hellion
   107 | D        | Killed a hellion
   111 | D        | Killed a hellion
   117 | D        | Reached skill level 5 in Armour
   117 | D        | Reached skill level 5 in Shields
   133 | D        | Killed a hellion
   139 | D        | Killed a yaktaur
   140 | D        | Killed a white draconian scorcher
   169 | D        | Killed a white draconian scorcher
   273 | D        | Noticed a water elemental
   275 | D        | Slain by a water elemental

Skill      XL: |  1  2  3 |
---------------+----------+-----
Fighting       | 4 |  4.9
Armour         | 4 5 |  5.2
Shields        | 4 5 |  5.0
Maces & Flails | 3 |  3.2
Dodging        | |  0.7

Action                   || total
-------------------------++-------
Melee: Flail             ||    53
  Use: Potion            ||     5
       Scroll            ||     7
Armor: Scale mail        ||    25
Dodge: Dodged            ||    13
Block: Shield            ||    26
